 Dungeon Crawl Stone Soup version 0.31-a0-145-g046c7d2549 (webtiles) character file.

Game seed: 2597998926865081466

2 ThatDude373 the Conjurer (level 1, 0/14 HPs)
             Began as a Draconian Conjurer on June 5, 2023.
             Constricted to death by a ball python (1 damage)
             ... on level 1 of the Dungeon.
             The game lasted 00:00:32 (58 turns).

ThatDude373 the Conjurer (Draconian Conjurer)         Turns: 58, Time: 00:00:32

Health: 0/14       AC:  4    Str:  9    XL:     1   Next: 33%
Magic:  1/3        EV:  9    Int: 18    God:
Gold:   0          SH:  0    Dex:  9    Spells: 3/4 levels left

rFire   . . .        (no weapon)
rCold   . . .        (no shield)
rNeg    . . .        (body armour unavailable)
rPois   .            (helmet restricted)
rElec   .            (no cloak)
rCorr   .            (no gloves)
SInv    .            (no boots)
Will    .....        (no amulet)
Stlth   ++           (no ring)
HPRegen 0.22/turn    (no ring)
MPRegen 0.08/turn

%: no passive effects
@: constricted
A: AC +4, unfitting armour, cold-blooded
a: no special abilities


You were on level 1 of the Dungeon.
You visited 1 branch of the dungeon, and saw 1 of its levels.

Inventory:

Potions
 a - a potion of magic
 c - a potion of curing {unknown}


   Skills:
 + Level 1.7 Dodging
 + Level 1.7 Stealth
 + Level 2.0 Spellcasting
 + Level 4.1 Conjurations


You had 3 spell levels left.
You knew the following spells:

 Your Spells              Type           Power      Damage    Failure   Level
a - Magic Dart            Conj           64%        1d6       3%          1

Your spell library contained the following spells:

 Spells                   Type           Power      Damage    Failure   Level
 Searing Ray              Conj           32%        2d5       4%          2
 Dazzling Flash           Conj/Hex       18%        N/A       24%         3
 Fulminant Prism          Conj/Hex       4%         3d5       61%         4
 Iskenderun's Mystic Bla  Conj/Tloc      9%         2d4       61%         4


Dungeon Overview and Level Annotations

Branches:
Dungeon (1/15)

Altars:


Innate Abilities, Weirdness & Mutations

Your plain brown scales are hard. (AC +4)
You cannot fit into any form of body armour.
You are cold-blooded and may be slowed by cold attacks.


Message History

The quokka bites you. The ball python closely misses you.
The ball python constricts you.
You closely miss the quokka.
The quokka is severely wounded.
The quokka bites you but does no damage.
The ball python bites you. The ball python constricts you.
You hit the quokka but do no damage.
The quokka is severely wounded.
The quokka bites you but does no damage.
The ball python barely misses you. The ball python constricts you.
You closely miss the quokka.
Your tail-slap misses the quokka.
Your punch misses the quokka.
The quokka is severely wounded.
The quokka twitches its whiskers.
The quokka bites you.
* * * LOW HITPOINT WARNING * * *
The ball python barely misses you. The ball python constricts you.
* * * LOW HITPOINT WARNING * * *
You hit the quokka but do no damage.
Your tail-slap misses the quokka.
The quokka is severely wounded.
The quokka closely misses you. The ball python barely misses you.
The ball python constricts you.
* * * LOW HITPOINT WARNING * * *
The quokka barely misses you.
You hit the quokka but do no damage.
The quokka is severely wounded.
The ball python completely misses you. The ball python constricts you.
The quokka bites you but does no damage.
The ball python bites you but does no damage.
The ball python constricts you.
You hit the quokka but do no damage.
The quokka is severely wounded.
The quokka bites you but does no damage.
The ball python closely misses you. The ball python constricts you.
You hit the quokka but do no damage.
The quokka is severely wounded.
The quokka barely misses you.
The ball python bites you but does no damage.
The ball python constricts you.
You die...

.. #####
..#...#
#.#...## .
#.#....####..
#......#....
#........##..
#............
#........#.
#..@S)......
#..r......#.
#....†......
#.........#.
##.#...#....
..##..#.[.#
.#. ... .>.
## #...


You could see a quokka and a ball python.

Vanquished Creatures
  A goblin (D:1)
  A bat (D:1)
  A rat (D:1)
3 creatures vanquished.

Notes
Turn   | Place    | Note
-------+----------+-------------------------------------------
     0 | D:1      | ThatDude373 the Draconian Conjurer began the quest for the
                  | Orb.
     0 | D:1      | Reached XP level 1. HP: 14/14 MP: 3/3
    58 | D:1      | Constricted to death by a ball python

Illustrated notes

Levels and vault maps discovered:
D:1:      heliophobic_arrival_ceremonial_halls, layout_rooms

Action                     || total
---------------------------++-------
  Melee: Unarmed           ||    18
         Tailslap          ||     1
   Cast: Magic Dart        ||     3
    Use: Scroll            ||     1
 Armour: Skin              ||     9
  Dodge: Dodged            ||    19

Table legend: (Time is in decaauts)
 A = Elapsed time spent in this place.
 B = Non-inter-level travel time spent in this place.
 C = Inter-level travel time spent in this place.
 D = Time resting spent in this place.
 E = Time spent auto-exploring this place.
 F = Levels seen in this place.
 G = Mean time per level.
                   A        B        C        D        E       F      G
               +--------+--------+--------+--------+--------+-----+--------+
         Total |     58 |     58 |      0 |      0 |      0 |   1 |   58.0 |
       Dungeon |     58 |     58 |      0 |      0 |      0 |   1 |   58.0 |
               +--------+--------+--------+--------+--------+-----+--------+

Top non-repeatable levels by time:
     D:1: 58 daAuts
